 Dungeon Crawl Stone Soup version 0.28.0-62-gf88900778d (webtiles) character file.

Game seed: 14795677305432752221

1460 OrthodoxDeviant the Fighter (level 8, -13/74 HPs)
             Began as a Ghoul Gladiator on Apr 23, 2023.
             Was a Priest of Okawaru.
             Mangled by an orc knight
             ... wielding a +0 halberd
              (16 damage)
             ... in a bailey.
             The game lasted 00:13:02 (6643 turns).

OrthodoxDeviant the Fighter (Ghoul Gladiator)       Turns: 6643, Time: 00:13:03

Health: -13/74     AC:  8    Str: 20    XL:     8   Next: 76%
Magic:  8/9        EV: 11    Int:  3    God:    Okawaru [***...]
Gold:   277        SH:  0    Dex: 10    Spells: 7/7 levels left

rFire   . . .      SeeInvis .   x - +0 battleaxe
rCold   + . .      Faith    .   (shield currently unavailable)
rNeg    + + +      Spirit   .   f - +0 ring mail
rPois   ∞          Reflect  .   c - +0 helmet
rElec   .          Harm     .   t - +0 cloak
rCorr   +          Rampage  .   d - +0 pair of gloves
Will    .....                   (no boots)
Stlth   ..........              (no amulet)
HPRegen 0.00/turn               u - ring of resist corrosion
MPRegen 0.11/turn               (no ring)

@: about to teleport, inhibited regen
A: claws 1, cold resistance 1, negative energy resistance 3, inhibited
regeneration, torment resistance 2
a: Renounce Religion, Heroism


You were in a bailey.
You worshipped Okawaru.
Okawaru was most pleased with you.
You visited 1 branch of the dungeon, and saw 7 of its levels.
You also visited: Bailey.

You collected 277 gold pieces.

Inventory:

Hand Weapons
 a - a +0 war axe
 x - a +0 battleaxe (weapon)
Missiles
 w - 2 silver javelins (quivered)
Armour
 b - a +0 leather armour
 c - a +0 helmet (worn)
 d - a +0 pair of gloves (worn)
 f - a +0 ring mail (worn)
 t - a +0 cloak (worn)
Jewellery
 u - a ring of resist corrosion (left hand)
Wands
 y - a wand of iceblast (13)
Scrolls
 i - 2 scrolls of noise
 n - a scroll of torment
 A - a scroll of brand weapon
 B - 2 scrolls of summoning
Potions
 e - 7 potions of heal wounds {unknown}
 g - 5 potions of curing
 h - 3 potions of flight {unknown}
 j - a potion of mutation {unknown}
 k - 2 potions of berserk rage {unknown}
 l - 2 potions of lignification {unknown}
 m - 3 potions of might {unknown}
 o - a potion of magic {unknown}
 p - a potion of degeneration {unknown}
 r - 2 potions of haste
 s - a potion of attraction {unknown}
 v - 2 potions of cancellation {unknown}


   Skills:
 * Level 8.1 Fighting
 * Level 7.1 Axes
 - Level 1.7 Throwing
 - Level 2.6 Dodging
 - Level 2.7 Invocations


You had 7 spell levels left.
You didn't know any spells.
Your spell library contained the following spells:

 Spells                   Type           Power      Damage    Failure   Level
 Magic Dart               Conj           0%         1d3       71%         1
 Searing Ray              Conj           0%         2d4       85%         2
 Static Discharge         Conj/Air       0%         N/A       85%         2
 Inner Flame              Hex/Fire       0%         N/A       97%         3
 Cause Fear               Hex            0%         N/A       100%        4
 Dispel Undead            Necr           0%         3d6       100%        4
 Fulminant Prism          Conj/Hex       0%         3d6       100%        4
 Sticky Flame             Conj/Fire      0%         2d3       100%        4
 Discord                  Hex            0%         N/A       100%        8


Dungeon Overview and Level Annotations

Branches:
Dungeon (7/15)             Temple (0/1) D:5          Bailey (1/1)

Altars:
Fedhas
Makhleb
Okawaru
Qazlal
Uskayaw

Shops:
D:3 !   D:6 ?   D:7 *

Annotations:
D:2 Sigmund
D:3 1 runed translucent door, Nonny's ghost, amateur TrAE
D:4 1 runed translucent door, safid's ghost, novice GrEE


Innate Abilities, Weirdness & Mutations

You thrive by killing the living.
You are immune to poison.
You have sharp fingernails.
Your flesh is cold resistant. (rC+)
You are immune to negative energy. (rN+++)
You do not regenerate when monsters are visible.
You are immune to unholy pain and torment.


Message History

You closely miss the orc knight.
The orc knight is moderately wounded.
The orc knight hits you with a +0 halberd!!
* * * LOW HITPOINT WARNING * * *
The orc knight hits you with a +0 halberd!
* * * LOW HITPOINT WARNING * * *
Unknown command.
As you read the scroll of fear, it crumbles to dust.
You assume a fearsome visage.
The orc knight looks frightened!
The orc knight pleads, "Please don't kill me!"
Cornered, the orc knight turns to fight!
There is an open door here.
Which direction?
You close the door.
You feel like a meek peon again.
There is an open door here.
Something unseen opens the door.
Things that are here:
a +2 halberd of draining; a gnoll skeleton Which direction?
As you close the door, it creaks loudly!
An orc knight breaks down the door.
There is an open door here.
Okay, then.
Okay, then.
Press: ? - help, v - describe, . - travel
Here: an orc knight, wielding a +0 halberd (moderately wounded, fast)
The floor.
Unknown command.
Okay, then.
As you read the scroll labelled TUEHUSM CEKAR, it crumbles to dust.
It is a scroll of amnesia.
You feel forgetful for a moment.
Okay, then.
Okay, then.
Okay, then.
As you read the scroll of teleportation, it crumbles to dust.
You feel strangely unstable.
The orc knight hits you from afar with a +0 halberd!
You die...

### ### ##### ### #
#)###.###.')###)###
##'##'##'###'##'##'
##.....## ##)....#
###.....#####.....#
#.'..⌠..')#.'..∩..'
###.....#####.....#
##.....## ##.....#
##@##'##'###+##'##'
#)###.###.#)###.###
#o# ### ##### ### #
#.###)###.#o#
##'##'##+# #g#
##.....## #g. !
#.....### .!.!.
+..⌠..')# .⌠.!
#....)### g.!


You could see an orc knight (fast).

Vanquished Creatures
  2 sky beasts
  A necrophage (D:4)
  5 ogres
  A phantom (D:7)
  A kobold brigand (D:6)
  A bullfrog zombie (D:5)
  2 hounds
  A jelly (D:6)
  A centaur skeleton (D:6)
  3 orc priests
  A bullfrog skeleton (D:5)
  3 iguanas
  A hound zombie (D:5)
  10 gnolls
  A howler monkey skeleton (D:6)
  6 adders
  A shadow imp (D:5)
  An ufetubus (D:4)
  2 adder skeletons
  2 dart slugs (D:2)
  30 orcs
  A bat (D:2)
  6 goblins
  6 hobgoblins
  9 ball pythons
  2 frilled lizards
  11 kobolds
  2 rats (D:3)
113 creatures vanquished.

Vanquished Creatures (others)
  2 withered plants (D:4)
2 creatures vanquished.

Grand Total: 115 creatures vanquished

Notes
Turn   | Place    | Note
-------+----------+-------------------------------------------
     0 | D:1      | OrthodoxDeviant the Ghoul Gladiator began the quest for the
                  | Orb.
     0 | D:1      | Reached XP level 1. HP: 17/17 MP: 0/0
     2 | D:1      | Noticed a merfolk
     2 | D:1      | Noticed a vine stalker
     4 | D:1      | Noticed a spriggan
     6 | D:1      | Noticed a felid
     8 | D:1      | Noticed an elf
     8 | D:1      | Noticed a draconian
    10 | D:1      | Noticed a dwarf
    12 | D:1      | Noticed a vampire
    12 | D:1      | Noticed a minotaur
    14 | D:1      | Noticed a tengu
    14 | D:1      | Noticed a demigod
    16 | D:1      | Noticed a naga
    18 | D:1      | Noticed a troll
    18 | D:1      | Noticed a ghoul
    20 | D:1      | Noticed an octopode
    22 | D:1      | Noticed a formicid
    22 | D:1      | Noticed a gargoyle
    24 | D:1      | Noticed an ogre
    24 | D:1      | Noticed a human
    26 | D:1      | Noticed a demonspawn
   257 | D:1      | Reached XP level 2. HP: 25/25 MP: 1/1
   367 | D:1      | Found a faded altar of an unknown god.
   695 | D:2      | Reached skill level 3 in Fighting
   696 | D:2      | Reached XP level 3. HP: 31/31 MP: 2/2
  1088 | D:2      | Noticed Sigmund
  1248 | D:3      | Found an iron altar of Okawaru.
  1263 | D:3      | Became a worshipper of Warmaster Okawaru
  1360 | D:3      | Reached XP level 4. HP: 29/38 MP: 3/3
  1530 | D:3      | Found a runed translucent door.
  1530 | D:3      | Noticed Nonny's ghost (amateur TrAE)
  1676 | D:3      | Found a blossoming altar of Fedhas.
  1803 | D:3      | Found Neruock's Distillery.
  1860 | D:3      | Reached skill level 4 in Fighting
  1870 | D:3      | Reached XP level 5. HP: 34/46 MP: 4/4
  2171 | D:4      | Noticed a necrophage
  2182 | D:4      | Killed a necrophage
  2182 | D:4      | Reached * piety under Okawaru
  2252 | D:4      | Reached XP level 6. HP: 37/55 MP: 5/5
  2474 | D:3      | Reached skill level 5 in Fighting
  3079 | D:4      | Found a runed translucent door.
  3080 | D:4      | Noticed safid's ghost (novice GrEE)
  3471 | D:5      | Entered Level 5 of the Dungeon
  3827 | D:5      | Reached skill level 5 in Axes
  3827 | D:5      | Reached skill level 1 in Invocations
  3838 | D:5      | Reached XP level 7. HP: 38/62 MP: 7/7
  3841 | D:5      | Found a hide-covered altar of Uskayaw.
  4063 | D:5      | Reached skill level 6 in Fighting
  4222 | D:5      | Reached ** piety under Okawaru
  4454 | D:5      | Found a staircase to the Ecumenical Temple.
  4566 | D:5      | Reached XP level 8. HP: 71/71 MP: 9/9
  4851 | D:6      | Found Zotuidd's Magic Scroll Boutique.
  4913 | D:6      | Found a stormy altar of Qazlal.
  4920 | D:6      | Reached skill level 7 in Fighting
  5100 | D:6      | Reached *** piety under Okawaru
  5336 | D:6      | Found a burning altar of Makhleb.
  5734 | D:7      | Found Veff's Assorted Antiques.
  5745 | D:7      | Reached skill level 8 in Fighting
  5774 | D:7      | Found a flagged portal.
  5921 | Bailey   | Entered a bailey
  6497 | Bailey   | Noticed an orc knight
  6631 | Bailey   | HP: 2/74 [orc knight/+0 halberd (16)]
  6643 | Bailey   | Mangled by an orc knight

Illustrated notes

Levels and vault maps discovered:
D:1:      kb_arrival_jail, layout_rooms, shapermc_ecumenical_altar_petra
D:2:      layout_basic, grunt_decor_junction, uniq_sigmund
D:3:      layout_rooms, lemuel_coloured_pillars_altar,
          okawaru_metal_pillars_1_2, gammafunk_ghost_grave, serial_shops,
          nicolae_shop_temple_entry_statues_fountains
D:4:      layout_loops_corners, gammafunk_ghost_grave
D:5:      layout_gridville, mainiacjoe_overflow_small_starburst, temple_hall
D:6:      layout_loops_cross, nicolae_qazlal_scattered_showers,
          mainiacjoe_overflow_24_doors, nicolae_stop_n_shop_1,
          minmay_fractal_squares_5
D:7:      layout_cave_pods, general_overflow_altar, lemuel_tele_altar,
          enter_bailey_5, serial_shops, nicolae_shop_hallway_stairs
Bailey:   bailey_polearm_nasty_gnolls, bailey

Skill      XL: |  1  2  3  4  5  6  7  8 |
---------------+-------------------------+-----
Axes           | 3 4 5 6 7 |  7.1
Fighting       | 3 4 5 6 8 |  8.1
Invocations    | 1 2 |  2.7
Throwing       | |  1.7
Dodging        | |  2.6

Action                   |  1- 3 |  4- 6 |  7- 9 || total
-------------------------+-------+-------+-------++-------
Melee: War axe           |    78 |    53 |       ||   131
       Battleaxe         |       |    78 |   159 ||   237
Throw: Throwing net      |       |     3 |       ||     3
       Javelin           |       |       |     4 ||     4
Invok: Heroism           |       |       |     1 ||     1
  Use: Scroll            |       |       |    12 ||    12
 Stab: Held in net/web   |       |     4 |       ||     4
Armor: Ring mail         |    45 |    52 |    66 ||   163
Dodge: Dodged            |    54 |    87 |   110 ||   251
